AoeStats
← 只会打步弓

Arena

509330790Analyzed
3v3 RM · 7d ago on Sep 26, 2026· 43m 35s· 6 players
Game mode
Random Map
Map size
Normal (6 player)
Population
200
Speed
Normal
Resources
Standard
Victory
Conquest
Starting age
Dark Age
Ending age
Imperial Age
RankedLock teamsTeams togetherTeam positionsShared explorationLock speedFull tech treeHidden civsTurbo modeCheats
Victory
Defeat
🇹🇼 Byzantines · Taiwan
1579
+18
🇹🇼 Danes · Taiwan
1567
+18
🇹🇼 Saracens · Taiwan
1565
+18
🇨🇳 Huns · China
1642
-19
🇨🇳 Burmese · China
1606
-18
🇨🇳 Mapuche · China
1588
-17
LUCKY
11:37 Feudal Age
15:20 Castle Age
13:09 Double-Bit Axe
13:20 Horse Collar
16:15 Bow Saw
16:46 Heavy Plow
22:31 Wheelbarrow
22:11 Stone Mining
24:19 Hand Cart
24:52 Gold Mining
25:23 Loom
26:21 Gold Shaft Mining
30:14 Imperial Age
28:24 Marauders
29:06 Scale Barding Armor
29:11 Forging
31:14 Chain Barding Armor
31:31 Iron Casting
30:20 Elite Tarkan
31:21 Conscription
31:23 Bloodlines
30:35 Light Cavalry
31:16 Husbandry
32:28 Two-Man Saw
33:22 Plate Barding Armor
36:10 Coinage
37:30 Blast Furnace
38:12 Banking
37:34 Fletching
42:09 Hussar
只会打步弓
9:33 Feudal Age
13:32 Castle Age
11:50 Double-Bit Axe
11:59 Horse Collar
14:41 Bow Saw
19:10 Loom
26:54 Town Watch
29:48 Heavy Plow
32:59 Wheelbarrow
32:44 Gold Mining
34:22 Hand Cart
36:47 Imperial Age
35:33 Gold Shaft Mining
35:29 Fletching
36:00 Ballistics
36:27 Bodkin Arrow
36:33 Padded Archer Armor
37:00 Elite Bolas Rider
38:43 Chemistry
38:15 Leather Archer Armor
38:04 Malon
38:25 Conscription
38:40 Butalmapu
39:43 Ring Archer Armor
38:37 Elite Skirmisher
40:04 Conscription
41:55 Crop Rotation
小胖子
11:48 Feudal Age
15:21 Castle Age
13:25 Horse Collar
16:14 Gold Mining
18:12 Padded Archer Armor
19:53 Bloodlines
21:36 Ballistics
26:54 Wheelbarrow
26:20 Husbandry
39:32 Imperial Age
40:01 Elite Arambai
41:42 Chemistry
BøM_R3gaN
10:36 Feudal Age
12:29 Double-Bit Axe
12:28 Horse Collar
15:00 Castle Age
16:02 Bow Saw
15:58 Heavy Plow
16:15 Loom
20:25 Wheelbarrow
21:35 Hand Cart
22:11 Gold Mining
22:12 Stone Mining
24:24 Stone Shaft Mining
24:16 Loom
24:16 Town Watch
26:22 Fletching
26:32 Padded Archer Armor
30:04 Imperial Age
28:03 Bodkin Arrow
28:09 Scale Mail Armor
30:33 Masonry
31:01 Siege Engineers
31:21 Onager
33:06 Chemistry
32:27 Ballistics
32:11 Squires
31:56 Arson
32:23 Forging
32:34 Northmen's Fury
32:58 Pikeman
34:10 Conscription
33:42 Halberdier
34:39 Chain Mail Armor
34:59 Iron Casting
35:50 Plate Mail Armor
35:46 Bracer
36:01 Leather Archer Armor
35:23 Siege Onager
39:53 Gold Shaft Mining
41:01 Elite Varangian Guard
41:03 Hamask
42:19 Hoardings
42:00 Gambesons
BøM_antihack.exe
10:46 Feudal Age
14:28 Castle Age
12:28 Double-Bit Axe
15:40 Bow Saw
19:30 Scale Mail Armor
22:17 Arson
23:39 Horse Collar
25:09 Wheelbarrow
27:08 Heavy Plow
29:25 Loom
30:36 Gold Mining
30:38 Stone Mining
31:45 Hand Cart
32:08 Gold Shaft Mining
32:53 Stone Shaft Mining
35:40 Imperial Age
35:12 Chain Mail Armor
37:26 Plate Mail Armor
37:07 Forging
36:58 Elite Varangian Guard
37:01 Capped Ram
38:16 Squires
38:37 Conscription
38:30 Logistica
38:40 Conscription
38:28 Gambesons
39:00 Fortified Wall
39:51 Chemistry
38:21 Siege Ram
38:59 Pikeman
40:18 Iron Casting
BøM_Sheuu
0:53 Loom
9:59 Feudal Age
13:52 Castle Age
12:14 Double-Bit Axe
13:37 Horse Collar
14:53 Bow Saw
15:10 Loom
22:39 Wheelbarrow
22:29 Town Watch
23:50 Forging
24:34 Gold Mining
25:42 Bloodlines
26:10 Husbandry
26:30 Scale Barding Armor
27:10 Heavy Plow
27:07 Stone Mining
28:12 Chain Barding Armor
28:37 Gold Shaft Mining
32:51 Imperial Age
33:22 Iron Casting
32:58 Elite Mameluke
34:17 Plate Barding Armor
35:54 Blast Furnace
35:22 Hand Cart
37:46 Conscription
37:42 Fletching
38:32 Hoardings
39:55 Ballistics
39:31 Bodkin Arrow
41:45 Chemistry
40:11 Capped Ram
42:31 Bracer
42:30 Siege Ram
44:13 Fortified Wall
Connection lost

Rejoining the realm…

Still unreachable

The connection could not be restored.

Session expired

The server has moved on; the page needs a fresh start.